 Dungeon Crawl Stone Soup version 0.18.1-48-g4cf74bf (webtiles) character file.

1426 OtbRedBaron the Covered (level 9, 0/66 HPs)
             Began as a Human Fighter on July 23, 2016.
             Killed from afar by Erica (17 damage)
             ... with a bolt of poison
             ... on level 7 of the Dungeon on July 24, 2016.
             The game lasted 01:26:02 (10354 turns).

OtbRedBaron the Covered (Human Fighter)            Turns: 10354, Time: 01:26:02

Health: 0/66       AC: 11    Str: 19    XL:     9   Next: 3%
Magic:  9/9        EV: 10    Int:  9    God:
Gold:   108        SH: 10    Dex: 13    Spells: 0 memorised, 8 levels left

rFire  . . .     SeeInvis .     a - +1 long sword
rCold  . . .     Gourm    .     p - +0 chain mail
rNeg   . . .     Faith    .     c - +0 shield
rPois  .         Spirit   .     (no helmet)
rElec  .         Dismiss  .     (no cloak)
rCorr  .         Reflect  .     o - +0 pair of gloves
SustAt +         Harm     .     (no boots)
MR     .....                    (no amulet)
Stlth  ..........               u - ring of sustain attributes
                                y - +3 ring of evasion

@: lethally poisoned (0 -> -12), slowed, very slow, not resistant to hostile
enchantments, extremely unstealthy
A: no striking features
a: no special abilities


You were on level 7 of the Dungeon.
You were not hungry.

You visited 1 branch of the dungeon, and saw 8 of its levels.

You collected 366 gold pieces.
You spent 258 gold pieces at shops.

Inventory:

Hand Weapons
 a - a +1 long sword (weapon)
 b - a +0 dagger of chaos
 e - a +0 shortbow
Missiles
 s - 5 javelins (quivered)
Armour
 c - a +0 shield (worn)
 o - a +0 pair of gloves (worn)
 p - a +0 chain mail (worn)
Jewellery
 h - an uncursed ring of positive energy
 u - a ring of sustain attributes (right hand)
 y - a +3 ring of evasion (left hand)
Wands
 f - a wand of flame (20/48)
 w - a wand of flame (16/48)
Scrolls
 d - 2 scrolls of amnesia
 m - 5 scrolls of identify
 A - 3 scrolls of remove curse
Potions
 g - a potion of berserk rage {unknown}
 k - a potion of cure mutation {unknown}
 l - a potion of degeneration {unknown}
 n - a potion of haste {unknown}
 v - a potion of lignification {unknown}
 z - 2 potions of heal wounds {unknown}
Books
 B - a book of Enchantments

   Spells                             Type                      Level
   a - Cause Fear                     Hexes                        4
   b - Yara's Violent Unravelling     Hexes/Transmutation          5
   c - Silence                        Hexes/Air                    5
   d - Deflect Missiles               Charms/Air                   6
   e - Haste                          Charms                       6
   f - Discord                        Hexes                        8
Miscellaneous
 j - a plain deck of summoning {drawn: 1}
Comestibles
 i - 3 meat rations


   Skills:
 + Level 4.4 Fighting
 + Level 5.0 Long Blades
 + Level 6.4 Armour
 + Level 3.8 Dodging
 - Level 0.7 Stealth
 + Level 5.9 Shields


You had 8 spell levels left.
You didn't know any spells.

Dungeon Overview and Level Annotations

Branches:
Dungeon (8/15)             Temple (0/1) D:5
   Lair: D:8-11

Altars:
Cheibriados
Fedhas
Makhleb
Nemelex Xobeh
Qazlal
Ru
Sif Muna
Vehumet
Xom
Zin

Shops:
D:7 ?

Annotations:
D:5 Pikel
D:7 Erica


Message History

Erica gestures at you while chanting.
Your centaur zombie appears confused.
You feel sick.
Erica hits your centaur zombie with a scimitar of flaming!
Erica burns your centaur zombie.
You feel sick.
Erica gestures wildly while chanting.
Erica flickers and vanishes!
Deactivating autopickup; reactivate with Ctrl-A.
You feel sick.
Your centaur zombie closely misses something.
You feel sick.
You hear some strange, mumbled words.
An orb of energy appears from out of thin air!
The orb of energy misses you.
You hear some strange, mumbled words.
A bolt of poison appears from out of thin air!
The bolt of poison hits you!
You are more poisoned.
You die...

#.......................#####)###
##................##.............
###...#...Z...>..##.....<.#####.
##..........(..##....##..####.
###.................###...∩..
##........#.#....## #......
######.......##.####.#....
#......###...##.#.#..
##########.##@...>.##........#
#.#_..#....###.........###....
#.#...'............[..####..##
#.#_..#..................#..#
#.#####...........###..#.#.###
#.........###...### ##........
#.........# #...#######.......
*#.........# #........<........
*#..).......#*###.##..####.....#


You could see a friendly centaur zombie (confused).

Vanquished Creatures
  Sigmund (D:2)
  2 ogres
  2 phantoms
  2 centaurs (D:7)
  2 giant frogs
  A scorpion (D:4)
  2 crimson imps (D:7)
  2 orc priests
  3 hounds
  A giant frog skeleton (D:7)
  Ijyb (D:2)
  Jessica (D:2)
  An orc wizard (D:4)
  An iguana (D:7)
  2 worker ants (D:4)
  A hound zombie (D:7)
  A howler monkey zombie (D:7)
  6 adders
  A shadow imp (D:7)
  An ooze (D:3)
  A worm (D:5)
  2 dart slugs
  3 giant geckos
  8 orcs
  4 bats (D:1)
  10 giant cockroaches
  14 goblins
  11 hobgoblins
  7 jackals
  9 kobolds
  3 quokkas
  2 ball pythons
  2 giant newts
  3 rats (D:1)
113 creatures vanquished.

Notes
Turn   | Place    | Note
--------------------------------------------------------------
     0 | D:1      | OtbRedBaron the Human Fighter began the quest for the Orb.
     0 | D:1      | Reached XP level 1. HP: 18/18 MP: 1/1
   190 | D:1      | Reached XP level 2. HP: 18/24 MP: 2/2
   727 | D:1      | Reached XP level 3. HP: 29/29 MP: 3/3
  1431 | D:2      | Noticed Ijyb
  1456 | D:2      | Killed Ijyb
  1456 | D:2      | Reached XP level 4. HP: 27/35 MP: 4/4
  1709 | D:2      | Reached skill level 1 in Dodging
  1815 | D:2      | Reached XP level 5. HP: 30/41 MP: 5/5
  1963 | D:2      | Noticed Sigmund
  3440 | D:2      | Killed Sigmund
  3440 | D:2      | Reached skill level 4 in Armour
  3440 | D:2      | Reached XP level 6. HP: 38/47 MP: 6/6
  3734 | D:2      | Noticed Jessica
  3754 | D:2      | Killed Jessica
  4025 | D:3      | Found a sacrificial altar of Ru.
  4402 | D:3      | Noticed an ogre
  4416 | D:3      | Killed an ogre
  4416 | D:3      | Reached skill level 5 in Armour
  4416 | D:3      | Reached XP level 7. HP: 28/52 MP: 7/7
  4697 | D:3      | Found a blossoming altar of Fedhas.
  5069 | D:3      | Found a stormy altar of Qazlal.
  6064 | D:4      | Found a sparkling altar of Nemelex Xobeh.
  6724 | D:4      | Found a deep blue altar of Sif Muna.
  7534 | D:5      | Entered Level 5 of the Dungeon
  7829 | D:5      | Found a staircase to the Ecumenical Temple.
  7977 | D:5      | Reached XP level 8. HP: 59/60 MP: 8/8
  8057 | D:6      | Found a sand-covered staircase.
  8065 | D:6      | Found a glowing silver altar of Zin.
  8170 | D:6      | Reached skill level 5 in Shields
  8404 | D:5      | Noticed Pikel
  8616 | D:7      | Found a shimmering altar of Xom.
  8616 | D:7      | Found a burning altar of Makhleb.
  8741 | D:6      | Reached skill level 6 in Armour
  9481 | D:7      | Found a radiant altar of Vehumet.
  9620 | D:7      | Found Qiocracomp's Magic Scroll Shoppe.
  9869 | D:8      | Found a snail-covered altar of Cheibriados.
  9870 | D:8      | Noticed Erica
 10174 | D:7      | Bought a scroll of identify for 22 gold pieces
 10174 | D:7      | Bought a scroll of identify for 22 gold pieces
 10174 | D:7      | Bought a scroll of identify for 22 gold pieces
 10174 | D:7      | Bought a scroll of identify for 22 gold pieces
 10174 | D:7      | Bought a scroll of summoning for 104 gold pieces
 10174 | D:7      | Bought a scroll of remove curse for 33 gold pieces
 10174 | D:7      | Bought a scroll of remove curse for 33 gold pieces
 10217 | D:7      | Reached skill level 5 in Long Blades
 10217 | D:7      | Reached XP level 9. HP: 60/66 MP: 9/9
 10354 | D:7      | Killed from afar by Erica

Skill      XL: |  1  2  3  4  5  6  7  8 |
---------------+-------------------------+-----
Dodging        | 1 2 3 |  3.8
Long Blades    | 3 5 |  5.0
Armour         | 4 5 6 |  6.4
Shields        | 4 5 |  5.9
Fighting       | 4 |  4.4
Stealth        | |  0.7

Action                   |  1- 3 |  4- 6 |  7- 9 || total
-------------------------+-------+-------+-------++-------
Melee: Long sword        |   153 |   149 |   402 ||   704
Evoke: Deck              |       |       |     1 ||     1
       Wand              |       |       |     1 ||     1
  Use: Scroll            |       |     5 |    12 ||    17
       Potion            |       |     1 |    12 ||    13
  Eat: Bread ration      |     1 |     2 |     2 ||     5
       Pizza             |       |       |     3 ||     3
       Meat ration       |       |       |     1 ||     1
Armor: Scale mail        |    85 |    55 |       ||   140
       Chain mail        |       |       |   229 ||   229
Dodge: Dodged            |    58 |    49 |   102 ||   209
Block: Shield            |    85 |    66 |   200 ||   351
